 Dungeon Crawl Stone Soup version 0.19-a0-1008-g4c63d25 (console) character file.

3349 brucemayne the Cleaver (level 9, -2/68 HPs)
             Began as a Vampire Berserker on July 23, 2016.
             Was a Believer of Trog.
             Slain by a sun demon (9 damage)
             ... summoned by an orc high priest
             ... on level 1 of the Orcish Mines.
             The game lasted 00:14:59 (3349 turns).

brucemayne the Cleaver (Vampire Berserker)          Turns: 3349, Time: 00:14:59

Health: -2/68      AC: 13    Str: 19    XL:     9   Next: 72%
Magic:  9/9        EV:  6    Int:  9    God:    Trog [**....]
Gold:   159        SH:  4    Dex: 14    Spells: 0 memorised, 8 levels left

rFire  . . .     SeeInvis +     D - +0 war axe
rCold  . . .     Gourm    .     C - +0 plate armour
rNeg   + + .     Faith    .     (no shield)
rPois  .         Spirit   .     (no helmet)
rElec  .         Dismiss  .     A - +0 cloak {MR+}
rCorr  .         Reflect  +     (no gloves)
SustAt .         Harm     .     (no boots)
MR     +....                    l - +4 amulet of reflection
Stlth  ..........               (no ring)
                                w - ring of positive energy

@: exhausted, liquid flames, about to teleport, slowed, glowing, very slow,
somewhat resistant to hostile enchantments, extremely unstealthy
A: fangs 3, see invisible, unbreathing
a: Bat Form, Berserk, Trog's Hand, Burn Spellbooks, Renounce Religion


You were on level 1 of the Orcish Mines.
You worshipped Trog.
Trog was pleased with you.
You were not thirsty.

You visited 3 branches of the dungeon, and saw 12 of its levels.
You also visited: Ossuary.

You collected 285 gold pieces.
You spent 126 gold pieces at shops.

Inventory:

Hand Weapons
 a - a +0 hand axe
 m - a +0 quarterstaff
 D - a +0 war axe (weapon)
 G - a +1 dagger of venom
Missiles
 j - 19 tomahawks (quivered)
 r - 8 poisoned needles
Armour
 b - a +0 animal skin
 d - a +0 scale mail
 A - a +0 cloak of magic resistance (worn)
 C - a +0 plate armour (worn)
Jewellery
 l - a +4 amulet of reflection (around neck)
 w - a ring of positive energy (left hand)
Wands
 s - a wand of lightning (8/15)
 y - a wand of acid (5/15)
Scrolls
 e - a scroll of amnesia {unknown}
 f - 4 scrolls of remove curse
 i - 2 scrolls of teleportation
 p - 2 scrolls of random uselessness {unknown}
 t - 2 scrolls of immolation
 z - a scroll of fog {unknown}
 B - a scroll of torment {unknown}
Potions
 c - 7 potions of blood
 g - 2 potions of brilliance
 h - a potion of mutation {unknown}
 k - 2 potions of lignification {unknown}
 n - 4 potions of flight
 q - 3 potions of might
 u - a potion of curing {unknown}
 v - a potion of heal wounds {unknown}
 x - 2 potions of haste
 E - a potion of cancellation {unknown}
 F - a potion of berserk rage {unknown}


   Skills:
 - Level 5.0 Fighting
 + Level 11.0 Axes
 + Level 4.8 Armour
 - Level 2.1 Dodging


You had 8 spell levels left.
You didn't know any spells.

Dungeon Overview and Level Annotations

Branches:
Dungeon (10/15)            Temple (1/1) D:4             Orc (1/2) D:9
   Lair: D:8-11

Altars:
Dithmenos
Elyvilon
Fedhas
Gozag
Kikubaaqudgha
Makhleb
Okawaru
Pakellas
Qazlal
Ru
Trog
Uskayaw
Vehumet
Xom
Yredelemnul
Zin
The Shining One

Shops:
D:6 *   D:10 *

Annotations:
D:6 exclusion: 2 downstairs


Innate Abilities, Weirdness & Mutations

You have razor-sharp teeth.
You have supernaturally acute eyesight. (SInv)
You can survive without breathing.


Message History

You are exhausted.
You feel yourself slow down. The orc warrior barely misses you.
The orc high priest prays to Beogh.
As you read the scroll of teleportation, it crumbles to dust.
You feel strangely unstable. The smoke demon gestures at you.
The sticky flame hits you!
You are covered in liquid flames!
The orc warrior barely misses you. The sun demon hits you!
You are engulfed in flames!
The orc high priest hits you with a short sword.
The orc warrior hits you with a long sword.
The smoke demon gestures at you. Beogh smites you!
* * * LOW HITPOINT WARNING * * *
Unknown command.
You are covered in liquid flames!
* * * LOW HITPOINT WARNING * * *
The sun demon hits you!
You die...

### ##.## ##### #.4@##
##...# ##.o.3###....#
###..oo3.#.....## .
##....#o.o.).....## o.
#...>.#..)<...##..#...
##..#####.)..## #....#
#...###..#..###......
#.#.....##...#....oo.
####.....#....o..# ..


You could see an orc high priest, a sun demon, a sixfirhy, a smoke demon, 3 orc
warriors and an orc.

Vanquished Creatures
  Nergalle (D:9)
  Psyche (D:8)
  Prince Ribbit (D:7)
  2 hippogriffs
  5 orc warriors
  A black bear (D:7)
  4 centaurs
  An elf zombie (Ossuary)
  A giant frog (D:6)
  3 killer bees
  A howler monkey (D:6)
  3 crimson imps
  A jelly (D:6)
  A centaur zombie (D:7)
  A human zombie (Ossuary)
  A hound (D:4)
  A centaur skeleton (D:8)
  2 orc priests (D:9)
  A giant frog skeleton (D:6)
  3 worker ants
  7 orc wizards
  3 big kobold zombies (Ossuary)
  A hound zombie (Ossuary)
  3 mummies (Ossuary)
  7 adders
  An ooze (D:1)
  2 adder zombies (Ossuary)
  An adder skeleton (D:8)
  A worm (D:4)
  3 giant geckos
  22 orcs
  2 giant cockroaches (D:4)
  4 goblins
  A hobgoblin (D:1)
  7 jackals
  A kobold (D:1)
  5 quokkas
  A bat (D:2)
  2 giant gecko skeletons (D:4)
  3 giant newts
  A gnoll zombie (Ossuary)
  2 goblin zombies (Ossuary)
  6 hobgoblin zombies (Ossuary)
  A jackal skeleton (D:5)
  3 jackal zombies (Ossuary)
  4 kobold zombies (Ossuary)
  2 quokka zombies (Ossuary)
  2 rat zombies (Ossuary)
133 creatures vanquished.

Notes
Turn   | Place    | Note
-------+----------+-------------------------------------------
     0 | D:1      | brucemayne the Vampire Berserker began the quest for the Orb.
     0 | D:1      | Reached XP level 1. HP: 17/17 MP: 1/1
    45 | D:1      | Reached skill level 3 in Axes
   153 | D:1      | Reached XP level 2. HP: 23/23 MP: 2/2
   353 | D:3      | Reached skill level 4 in Axes
   353 | D:3      | Reached XP level 3. HP: 28/28 MP: 3/3
   355 | D:3      | Reached XP level 4. HP: 34/34 MP: 4/4
   402 | D:5      | Entered Level 5 of the Dungeon
   441 | D:4      | Found a staircase to the Ecumenical Temple.
   475 | Temple   | Entered the Ecumenical Temple
   632 | D:4      | Reached ** piety under Trog
   632 | D:4      | Reached skill level 5 in Axes
   643 | D:4      | Reached XP level 5. HP: 29/39 MP: 5/5
   896 | D:5      | Noticed a phantom
   906 | D:6      | Noticed a centaur
   912 | D:6      | Killed a centaur
   912 | D:6      | Reached skill level 6 in Axes
   912 | D:6      | Reached XP level 6. HP: 41/46 MP: 6/6
   913 | D:6      | Found a sand-covered staircase.
   952 | Ossuary  | Entered an ossuary
  1213 | Ossuary  | Reached skill level 7 in Axes
  1296 | D:7      | Noticed an orc warrior
  1334 | D:6      | Reached XP level 7. HP: 30/51 MP: 7/7
  1484 | D:7      | Noticed a hippogriff
  1744 | D:6      | Found Rynypnogg's Assorted Antiques.
  1758 | D:6      | Bought a glowing cloak for 126 gold pieces
  1865 | D:6      | Reached skill level 8 in Axes
  1872 | D:6      | Found a radiant altar of Vehumet.
  1935 | D:6      | HP: 3/76 [poisoned by a killer bee]
  2136 | D:7      | HP: 1/51 [centaur/arrow (4)]
  2245 | D:7      | Reached skill level 9 in Axes
  2245 | D:7      | Reached XP level 8. HP: 57/57 MP: 8/8
  2408 | D:8      | Noticed Psyche
  2536 | D:8      | Killed Psyche
  2554 | D:8      | Reached skill level 5 in Fighting
  2554 | D:8      | Reached skill level 10 in Axes
  2650 | D:7      | Noticed Prince Ribbit
  2689 | D:7      | Killed Prince Ribbit
  2689 | D:7      | Reached XP level 9. HP: 68/68 MP: 9/9
  2838 | D:10     | Entered Level 10 of the Dungeon
  2838 | D:10     | Found Apranong's General Store.
  2939 | D:9      | Found a staircase to the Orcish Mines.
  2989 | D:9      | Reached *** piety under Trog
  3048 | D:9      | Found a burning altar of Makhleb.
  3133 | Orc:1    | Entered Level 1 of the Orcish Mines
  3133 | Orc:1    | Noticed Nergalle
  3150 | D:9      | Killed Nergalle
  3235 | Orc:1    | Reached skill level 11 in Axes
  3308 | Orc:1    | Noticed an orc high priest
  3345 | Orc:1    | Noticed a smoke demon
  3348 | Orc:1    | Noticed a sun demon
  3348 | Orc:1    | Noticed a sixfirhy
  3349 | Orc:1    | Slain by a sun demon

Vault maps used:
D:1:      minmay_arrival_cross
D:3:      old_standard_altar, amethyst_overflow_temple_binary, first_bread,
          hangedman_decor_growths, minmay_misc_feat_chi,
          hangedman_abyss_or_decor_lesser_grid
D:4:      nemelex_xobeh_ov_fountains_minmay, serial_shops, kennysheep_mini_moat,
          uniq_menkaure
D:5:      uniq_edmund
D:6:      lemuel_coloured_pillars_altar, enter_ossuary_1, serial_shops, shop
D:7:      uniq_prince_ribbit1
D:8:      uniq_psyche
D:9:      evilmike_ruin_ashenzari, old_standard_altar, david_orc_2
D:10:     lair_0_dummy, serial_shops, nicolae_shop_statue_plus, uniq_maurice
Temple:   eino_wide_crystal_templ
Orc:1:    uniq_urug, uniq_nergalle
Ossuary:  minmay_ossuary_two_tombs

Skill      XL: |  1  2  3  4  5  6  7  8  9 |
---------------+----------------------------+-----
Axes           | 3 4 5 6 7 9 10 11 | 11.0
Fighting       | 5 |  5.0
Armour         | 2 4 |  4.8
Dodging        | |  2.1

Action                   |  1- 3 |  4- 6 |  7- 9 || total
-------------------------+-------+-------+-------++-------
Melee: Hand axe          |    41 |   254 |   115 ||   410
       Bite              |     4 |    35 |    33 ||    72
       War axe           |       |       |   135 ||   135
       Unarmed           |       |       |     2 ||     2
Invok: Berserk           |     1 |     2 |     8 ||    11
       Trog's Hand       |       |       |    16 ||    16
 Abil: End Transformatio |       |     1 |     1 ||     2
       Bat Form          |       |     1 |     1 ||     2
Evoke: Wand              |       |       |     7 ||     7
  Use: Potion            |     1 |     4 |    21 ||    26
       Scroll            |       |       |    11 ||    11
Armor: Scale mail        |    16 |   101 |    15 ||   132
       Plate armour      |       |       |   143 ||   143
       Skin              |       |       |     1 ||     1
Dodge: Dodged            |    21 |   106 |    99 ||   226
Block: Other             |       |    45 |    44 ||    89
       Reflection        |       |       |     3 ||     3
